 Dungeon Crawl Stone Soup version 0.25.1-2-g60ff931df9 (webtiles) character file.

Game seed: 6019425349777848849

71 gbos the Chopper (level 4, -5/52 HPs)
             Began as a Demonspawn Berserker on Nov 17, 2020.
             Was a Follower of Trog.
             Slain by a gnoll
             ... wielding a +0 spear
              (8 damage)
             ... on level 2 of the Dungeon.
             The game lasted 00:00:56 (1731 turns).

gbos the Chopper (Demonspawn Berserker)             Turns: 1731, Time: 00:00:57

Health: -5/52      AC:  2    Str: 18    XL:     4   Next: 5%
Magic:  4/4        EV: 12    Int:  8    God:    Trog [*.....]
Gold:   137        SH:  0    Dex: 13    Spells: 3/3 levels left

rFire    . . .     SeeInvis .   Y - +0 hand axe
rCold    . . .     Gourm    .   (no shield)
rNeg     . . .     Faith    .   b - +0 animal skin
rPois    .         Spirit   .   (no helmet)
rElec    .         Reflect  .   (no cloak)
rCorr    .         Harm     .   (no gloves)
MR       .....                  (no boots)
Stlth    ..........             (no amulet)
HPRegen  0.17/turn              (no ring)
MPRegen  0.09/turn              (no ring)

@: berserking (expiring), very quick
A: powered by pain 2
a: Berserk, Renounce Religion


You were on level 2 of the Dungeon.
You worshipped Trog.
Trog was aware of your devotion.
You were not hungry.

You visited 1 branch of the dungeon, and saw 2 of its levels.

You collected 137 gold pieces.


Innate Abilities, Weirdness & Mutations

You sometimes gain power by taking damage.


   Skills:
 - Level 3.0 Fighting
 + Level 4.5 Axes
 - Level 1.7 Armour
 - Level 1.7 Dodging


You had 3 spell levels left.
You didn't know any spells.
Your spell library was empty.

Inventory:

Hand Weapons
 c - a +0 club
 Y - a +0 hand axe (weapon)
Armour
 b - a +0 animal skin (worn)
Jewellery
 i - a +6 ring of intelligence {unknown}
Potions
 g - a potion of might {unknown}
 h - a potion of curing
Comestibles
 e - 2 rations

Dungeon Overview and Level Annotations

Branches:
Dungeon (2/15)

Altars:
Fedhas
Uskayaw


Message History

You closely miss the gnoll. The gnoll closely misses you.
You barely miss the gnoll.
The gnoll is almost dead.
You barely miss the gnoll. The gnoll hits you with a +0 spear!
The gnoll closely misses you. x2
You slash the gnoll!
You kill the gnoll!
Trog accepts your kill.
You barely miss the gnoll. The gnoll hits you but does no damage.
You hit the gnoll.
You kill the gnoll!
Trog accepts your kill.
You have reached level 4!
You feel agile.
Your demonic ancestry asserts itself...
You feel even more energised by your suffering.
The gnoll closely misses you. The gnoll hits you with a +0 spear!
You die...

... #...
...###...
.........
........#
........#
........#
.......g# .#
#..%@# #.#
####)##### #.#
#..(.....# #.#
#........#####.#
#..............#
##..+#.........#
##'##.........#
#~.~#########.#
##...##
######'###


You could see a gnoll.

Vanquished Creatures
  3 gnolls (D:2)
  An adder (D:2)
  A leopard gecko (D:1)
  A ball python (D:1)
  6 bats
  2 giant cockroaches (D:1)
  6 goblins (D:1)
  A hobgoblin (D:1)
  6 kobolds (D:1)
  4 rats (D:1)
31 creatures vanquished.

Notes
Turn   | Place    | Note
-------+----------+-------------------------------------------
     0 | D:1      | gbos the Demonspawn Berserker began the quest for the Orb.
     0 | D:1      | Reached XP level 1. HP: 18/18 MP: 1/1
     0 | D:1      | 0 ||| counter = 186
    12 | D:1      | 12 ||| Stepping ~*~*~tactically~*~*~ (stealth).
    17 | D:1      | 17 ||| Stepping ~*~*~tactically~*~*~ (stealth).
    20 | D:1      | 20 ||| Stepping ~*~*~tactically~*~*~ (stealth).
    21 | D:1      | 21 ||| Stepping ~*~*~tactically~*~*~ (stealth).
    29 | D:1      | 29 ||| INVOKING Berserk.
    39 | D:1      | 39 ||| Stepping ~*~*~tactically~*~*~ (stealth).
    57 | D:1      | HP: 4/18 [rat (2)]
   371 | D:1      | Reached skill level 3 in Axes
   534 | D:1      | Gained mutation: You sometimes gain a little power by
                  | taking damage. [demonic ancestry]
   534 | D:1      | Reached XP level 2. HP: 18/24 MP: 2/2
   807 | D:1      | 807 ||| Stepping ~*~*~tactically~*~*~ (stealth).
   838 | D:1      | 838 ||| Stepping ~*~*~tactically~*~*~ (stealth).
   885 | D:1      | 885 ||| Stepping ~*~*~tactically~*~*~ (stealth).
   920 | D:1      | 920 ||| Stepping ~*~*~tactically~*~*~ (stealth).
   921 | D:1      | 921 ||| Stepping ~*~*~tactically~*~*~ (stealth).
   923 | D:1      | 923 ||| Stepping ~*~*~tactically~*~*~ (stealth).
   924 | D:1      | 924 ||| Stepping ~*~*~tactically~*~*~ (stealth).
   926 | D:1      | 926 ||| Stepping ~*~*~tactically~*~*~ (hiding).
   927 | D:1      | 927 ||| Stepping ~*~*~tactically~*~*~ (hiding).
   929 | D:1      | 929 ||| Stepping ~*~*~tactically~*~*~ (hiding).
   930 | D:1      | 930 ||| Stepping ~*~*~tactically~*~*~ (hiding).
  1205 | D:1      | Reached XP level 3. HP: 29/29 MP: 3/3
  1276 | D:1      | 1276 ||| EATING 3 rations.
  1593 | D:1      | 1593 ||| READING scroll labeled OJOOWKOGHI.
  1594 | D:1      | 1594 ||| READING scroll labeled JUINYJUHUG.
  1595 | D:1      | 1595 ||| DRINKING 2 black potions.
  1628 | D:2      | Reached skill level 4 in Axes
  1704 | D:2      | Found a hide-covered altar of Uskayaw.
  1704 | D:2      | Found a blossoming altar of Fedhas.
  1719 | D:2      | 1719 ||| Stepping ~*~*~tactically~*~*~ (stealth).
  1720 | D:2      | 1720 ||| INVOKING Berserk.
  1728 | D:2      | HP: 2/43 [gnoll/+0 spear (10)]
  1730 | D:2      | Gained mutation: You sometimes gain power by taking damage.
                  | [demonic ancestry]
  1730 | D:2      | Reached XP level 4. HP: 3/35 MP: 4/4
  1731 | D:2      | Slain by a gnoll

Levels and vault maps discovered:
D:1:      dpeg_arrival_oval, layout_loops_ring
D:2:      layout_basic, gammafunk_temple_overflow_statue, minmay_fountain_box

Skill      XL: |  1  2  3 |
---------------+----------+-----
Axes           | 3 4 |  4.5
Fighting       | |  3.0
Armour         | |  1.7
Dodging        | |  1.7

Action                   |  1- 3 |  4- 6 || total
-------------------------+-------+-------++-------
Melee: Hand axe          |   111 |       ||   111
Invok: Berserk           |     2 |       ||     2
  Use: Scroll            |     2 |       ||     2
       Potion            |     1 |       ||     1
  Eat: Chunk             |     1 |       ||     1
       Ration            |     1 |       ||     1
Armor: Animal skin       |    16 |       ||    16
Dodge: Dodged            |    75 |     1 ||    76

Table legend:
 A = Non-vault XP
 B = Vault XP
 C = Vault XP percentage of total XP
 D = Non-vault monster count
 E = Vault monster count
 F = Vault count percentage of total count
                 A         B        C        D         E       F
            +---------+---------+-------+---------+---------+-------
      Total |     102 |       0 |   0.0 |      31 |       0 |   0.0
            +---------+---------+-------+---------+---------+-------
        D:1 |      45 |       0 |   0.0 |      26 |       0 |   0.0
        D:2 |      57 |       0 |   0.0 |       5 |       0 |   0.0
            +---------+---------+-------+---------+---------+-------
